 Dungeon Crawl Stone Soup version 0.30-a0-1016-gfb0d676c02 (webtiles) character file.

Game seed: 15027938035352207379

17789 kiwi3s the Fighter (level 12, -1/112 HPs)
             Began as a Minotaur Berserker on Apr 5, 2023.
             Was an Elder of Trog.
             Killed from afar by a fire dragon (33 damage)
             ... with a blast of flame
             ... on level 11 of the Dungeon on Apr 6, 2023.
             The game lasted 00:24:39 (10908 turns).

kiwi3s the Fighter (Minotaur Berserker)            Turns: 10908, Time: 00:24:39

Health: -1/112     AC: 24    Str: 30    XL:     12   Next: 22%
Magic:  20/20      EV: 15    Int:  4    God:    Trog [****..]
Gold:   734        SH:  6    Dex: 15    Spells: 11/11 levels left

rFire   . . .      SeeInvis .    K - +3 hand axe
rCold   . . .      Faith    .    J - +0 buckler {reflect}
rNeg    + . .      Spirit   .    a - +6 scale mail "Hoalamn" {Contam rElec Str+3 Dex+5}
rPois   +          Reflect  +    (helmet restricted)
rElec   +          Rampage  .    (no cloak)
rCorr   .                        H - +0 pair of gloves
Will    .....                    L - +1 pair of boots of the Playwright {rPois rN+ MP+9} Stlth
                                 y - amulet of regeneration
HPRegen 1.18/turn                x - +4 ring of protection
MPRegen 0.17/turn                (no ring)

@: studying Ranged Weapons
A: horns 2, retaliatory headbutt, shaggy fur 1, wild magic 1
a: Renounce Religion, Berserk, Trog's Hand, Brothers in Arms


You were on level 11 of the Dungeon.
You worshipped Trog.
Trog was greatly pleased with you.
You visited 1 branch of the dungeon, and saw 11 of its levels.
You also visited: Bailey.

You collected 830 gold pieces.
You spent 96 gold pieces at shops.

Inventory:

Hand Weapons
 r - a +0 war axe
 w - a +2 hand axe of flaming
 K - a +3 hand axe (weapon)
Missiles
 u - a throwing net
 A - 5 boomerangs (quivered)
Armour
 a - the +6 scale mail "Hoalamn" (worn) {Contam rElec Str+3 Dex+5}
   (You found it on level 8 of the Dungeon)

   Str:       It affects your strength (+3).
   Dex:       It affects your dexterity (+5).
   rElec:     It insulates you from electricity.
   Contam:    It causes magical contamination when unequipped.
 s - a +4 chain mail
 G - a +0 kite shield
 H - a +0 pair of gloves (worn)
 J - a +0 buckler of reflection (worn)
 L - the +1 pair of boots of the Playwright (worn) {rPois rN+ MP+9}
   (You acquired it on level 8 of the Dungeon)

   rPois:     It protects you from poison.
   rN:        It protects you from negative energy.
   MP:        It affects your magic capacity (+9).
Jewellery
 x - a +4 ring of protection (left hand)
 y - an amulet of regeneration (around neck)
 B - a ring of protection from cold
 C - a ring of flight
Scrolls
 b - 2 scrolls of identify
 c - 2 scrolls of teleportation
 f - 3 scrolls of poison {unknown}
 g - 4 scrolls of vulnerability {unknown}
 k - a scroll of torment {unknown}
 l - 2 scrolls of enchant weapon
 o - 4 scrolls of noise
 p - 2 scrolls of blinking {unknown}
 t - 5 scrolls of enchant armour {unknown}
 D - a scroll of brand weapon {unknown}
 E - a scroll of fog {unknown}
 F - 2 scrolls of immolation {unknown}
 I - 2 scrolls of fear {unknown}
 M - 2 scrolls of silence {unknown}
Potions
 d - a potion of mutation
 e - 2 potions of cancellation {unknown}
 h - a potion of haste
 i - 3 potions of brilliance
 j - a potion of heal wounds
 m - a potion of attraction {unknown}
 n - 2 potions of lignification {unknown}
 q - a potion of berserk rage {unknown}
 v - 5 potions of curing
 z - a potion of magic {unknown}
 N - a potion of might {unknown}
 O - a potion of invisibility {unknown}


   Skills:
 - Level 12.3 Fighting
 - Level 12.3 Axes
 - Level 12.0 Armour
 - Level 11.0 Dodging
 + Level 6.0 Shields


You had 11 spell levels left.
You didn't know any spells.
Your spell library was empty.

Dungeon Overview and Level Annotations

Branches:
Dungeon (11/15)            Temple (0/1) D:6            Lair (0/5) D:11
    Orc (0/2) D:10         Bailey (visited)

Altars:
Gozag
Kikubaaqudgha
Nemelex Xobeh
Okawaru
Xom
The Shining One

Shops:
D:7 *

Annotations:
D:7 2 transporters
D:9 2 transporters, Lysca's ghost, novice DsCj


Innate Abilities, Weirdness & Mutations

You have a pair of horns on your head.
You reflexively headbutt those who attack you in melee.
You are covered in fur. (AC +1)
Your spells are a little harder to cast, but a little more powerful.


Message History

Your Shields skill increases to level 6!
Key pressed, stopping explore.
No target in view!
No target in view!
Unknown command.
Found a stone staircase leading down.
No target in view!
Found a chain mail.
There is a stone staircase leading down here.
You see here a +0 chain mail.
Found a staircase to the Lair.
No target in view!
Found a leather armour.
No target in view!
No target in view!
O - an orange potion No target in view!
Found a club.
No target in view!
Found a stone staircase leading down.
No target in view!
You now have 734 gold pieces (gained 11).
There is a stone staircase leading down here.
t - 5 scrolls labelled YWOHAE MAENTO (gained 1)
M - 2 scrolls labelled LATROI NEHI (gained 1)
A fire dragon is nearby!
The fire dragon roars deafeningly!
A fire dragon is nearby!
The fire dragon breathes flames at you. The blast of flame hits you!!!
Your polar bear goes berserk!
Trog will no longer gift you weapons. The fire dragon breathes flames at you.
The blast of flame hits you!!
* * * LOW HITPOINT WARNING * * *
You swap places.
The fire dragon breathes flames at you.
The blast of flame misses your polar bear.
The blast of flame hits you!!
You die...

##### #.##.#..##
#.##....# #.##.#.##
#......#
####.########
#.#..)9D?#
#.#.####.# #.#.# #[#
######@#.####.#
#####..Dh...........
..#.........####.##
#.#..##...........
#.#..###.####.####
#####.#..# #.# .....
#........#
#.#.......#.#
#.###.#.##
#.#.......#.#
.###.###.#.#
#.....8.....#


You could see a fire dragon (catching breath, ally target) and a friendly polar
bear (summoned, berserk).

Vanquished Creatures
  A boulder beetle (D:10)
  An ogre mage (D:10)
  A centaur warrior (D:11)
  A tengu warrior (D:10)
  3 two-headed ogres
  An orc high priest (Bailey)
  The ghost of Gardakan the Arsonist, a journeyman DEFE of Vehumet (D:10)
  The ghost of epsilonplus the Carver, a novice TeFi of Wu Jian (D:10)
  2 orc knights
  A cyclops (D:10)
  A manticore (D:10)
  An ugly thing (D:10)
  2 gargoyles
  A kobold demonologist (Bailey)
  Psyche (D:8)
  An efreet (D:10)
  3 freezing wraiths (D:10)
  A troll (D:10)
  2 hornets
  Grinder (D:5)
  Sigmund (D:5)
  2 shadows (D:10)
  5 wyverns
  3 water moccasins
  An acid dragon (D:8)
  14 orc warriors
  A sky beast (D:7)
  An ogre (D:6)
  3 black bears
  6 centaurs
  2 phantoms
  5 kobold brigands
  4 scorpions
  4 bullfrogs
  5 wights (D:8)
  21 killer bees
  2 electric eels (Bailey)
  2 howler monkeys (D:6)
  A hound (D:5)
  2 jellies (D:4)
  2 gnoll boudas (D:5)
  10 orc priests
  3 sleepcaps
  8 orc wizards
  14 gnolls
  3 adders
  2 white imps
  A worm (D:3)
  4 dart slugs
  The ghost of Brigand the Sneak, a weakling FeDe (D:5)
  58 orcs
  6 ball pythons
  9 endoplasms
  3 giant cockroaches
  15 goblins
  19 hobgoblins
  2 jackals (D:1)
  4 quokkas
  4 bats
  4 frilled lizards
  24 kobolds
  3 rats (D:1)
311 creatures vanquished.

Vanquished Creatures (others)
  An unseen horror (D:11)
1 creature vanquished.

Grand Total: 312 creatures vanquished

Notes
Turn   | Place    | Note
-------+----------+-------------------------------------------
     0 | D:1      | kiwi3s the Minotaur Berserker began the quest for the Orb.
     0 | D:1      | Reached XP level 1. HP: 19/19 MP: 0/0
   131 | D:1      | Reached XP level 2. HP: 22/27 MP: 1/1
   448 | D:1      | Reached ** piety under Trog
   593 | D:1      | Found a faded altar of an unknown god.
   598 | D:1      | Reached XP level 3. HP: 31/33 MP: 2/2
  1559 | D:3      | Reached XP level 4. HP: 40/40 MP: 3/3
  2349 | D:4      | Reached *** piety under Trog
  2466 | D:4      | Noticed a phantom
  2477 | D:4      | Killed a phantom
  2478 | D:4      | Reached XP level 5. HP: 27/47 MP: 4/4
  2616 | D:4      | Reached skill level 5 in Fighting
  2616 | D:4      | Reached skill level 5 in Axes
  2689 | D:4      | Noticed a black bear
  2697 | D:4      | Killed a black bear
  2698 | D:4      | Reached XP level 6. HP: 45/56 MP: 5/5
  3255 | D:5      | Entered Level 5 of the Dungeon
  3366 | D:5      | Noticed Grinder
  3378 | D:5      | Killed Grinder
  3379 | D:5      | Reached skill level 5 in Armour
  3379 | D:5      | Reached XP level 7. HP: 54/63 MP: 6/6
  3455 | D:5      | Reached skill level 5 in Dodging
  3841 | D:5      | Found a runed translucent gate.
  3841 | D:5      | Found a runed translucent gate.
  3842 | D:5      | Found a runed translucent gate.
  3843 | D:5      | Found an opulent altar of Gozag.
  3844 | D:5      | Noticed Brigand's ghost (weakling FeDe)
  3844 | D:5      | Noticed a wyvern
  4043 | D:5      | Noticed Sigmund
  4068 | D:5      | Killed Sigmund
  4069 | D:5      | Reached XP level 8. HP: 47/71 MP: 7/7
  4692 | D:5      | Killed Brigand's ghost
  4762 | D:5      | Identified the +7 chain mail of the Three Hugging Eyes
                  | {rElec rPois rN+}
  4886 | D:6      | Found a staircase to the Ecumenical Temple.
  5021 | D:6      | Reached **** piety under Trog
  5074 | D:6      | Reached XP level 9. HP: 80/81 MP: 8/8
  5676 | D:7      | Found a transporter.
  5860 | D:7      | Paralysed by a hornet for 1 turns
  6080 | D:7      | Found a transporter.
  6082 | D:7      | Noticed a manticore
  6084 | D:7      | Identified the ring of Xom's Bemusement {rN+++ Will+ rCorr
                  | Int-2}
  6175 | D:7      | Found Qoinkugo's General Store.
  6183 | D:7      | Bought a potion of brilliance for 48 gold pieces
  6183 | D:7      | Bought a potion of curing for 36 gold pieces
  6183 | D:7      | Bought a scroll of noise for 12 gold pieces
  6230 | D:7      | Found a glowing golden altar of the Shining One.
  6368 | D:7      | Gained mutation: You possess an exceptional clarity of
                  | mind. [potion of mutation]
  6368 | D:7      | Lost mutation: You possess an exceptional clarity of mind.
                  | [potion of mutation]
  6368 | D:7      | Gained mutation: Your spells are a little harder to cast,
                  | but a little more powerful. [potion of mutation]
  6368 | D:7      | Gained mutation: You are covered in fur. (AC +1) [potion of
                  | mutation]
  6455 | D:8      | Noticed a two-headed ogre
  6456 | D:8      | Noticed Psyche
  6457 | D:8      | Found an ancient bone altar of Kikubaaqudgha.
  6463 | D:8      | Killed a two-headed ogre
  6464 | D:8      | Found a sparkling altar of Nemelex Xobeh.
  6466 | D:8      | Reached XP level 10. HP: 63/91 MP: 9/9
  6521 | D:8      | Found a flagged portal.
  6534 | Bailey   | Entered a bailey
  6652 | Bailey   | Reached ***** piety under Trog
  6696 | Bailey   | Noticed an orc knight
  6712 | Bailey   | Killed an orc knight
  6756 | Bailey   | Reached skill level 10 in Axes
  6897 | Bailey   | Reached skill level 10 in Fighting
  7005 | Bailey   | Found an iron altar of Okawaru.
  7005 | Bailey   | Noticed an orc high priest
  7036 | Bailey   | Noticed a smoke demon
  7037 | Bailey   | Killed an orc high priest
  7038 | Bailey   | Reached skill level 10 in Armour
  7471 | D:8      | Acquired the +1 pair of boots of the Playwright {rPois rN+
                  | MP+9}
  7483 | D:8      | Acquired a manual of Ranged Weapons
  7668 | D:8      | Killed Psyche
  7746 | D:8      | Upgraded the game from 0.30-a0-1008-g30c9307041 to
                  | 0.30-a0-1016-gfb0d676c02
  7762 | D:8      | Identified the +6 scale mail "Hoalamn" {Contam rElec Str+3
                  | Dex+5}
  8011 | D:9      | Reached XP level 11. HP: 72/101 MP: 10/10
  8086 | D:9      | Found a transporter.
  8086 | D:9      | Noticed Lysca's ghost (novice DsCj)
  8126 | D:9      | Found a transporter.
  8239 | D:9      | Noticed a two-headed ogre
  8250 | D:9      | Killed a two-headed ogre
  8251 | D:9      | Received a gift from Trog
  8377 | D:9      | Noticed a two-headed ogre
  8522 | D:10     | Entered Level 10 of the Dungeon
  8641 | D:10     | Found a staircase to the Orcish Mines.
  8780 | D:10     | Reached skill level 10 in Dodging
  8893 | D:10     | Found a large runed translucent door.
  8893 | D:10     | Found a large runed translucent door.
  9082 | D:10     | Found a runed translucent gate.
  9082 | D:10     | Found a runed translucent gate.
  9095 | D:10     | Found a runed translucent gate.
  9100 | D:10     | Noticed Gardakan's ghost (journeyman DEFE)
  9100 | D:10     | Noticed epsilonplus's ghost (novice TeFi)
  9422 | D:10     | Killed Gardakan's ghost
  9427 | D:10     | Killed epsilonplus's ghost
  9562 | D:10     | Found a shimmering altar of Xom.
  9578 | D:10     | Found an iron altar of Okawaru.
  9615 | D:11     | Noticed a centaur warrior
  9615 | D:11     | Noticed a fire dragon
  9616 | D:11     | Noticed an ogre mage
  9620 | D:11     | Noticed an orc knight
  9670 | D:11     | Noticed a tengu warrior
  9687 | D:10     | Killed a tengu warrior
  9710 | D:11     | Noticed a boulder beetle
  9722 | D:10     | HP: 5/104 [freezing wraith (18)]
  9729 | D:10     | HP: 2/104 [freezing wraith (19)]
  9830 | D:10     | Killed an ogre mage
  9837 | D:10     | Killed a boulder beetle
 10043 | D:10     | Killed an orc knight
 10073 | D:11     | Noticed a brown ugly thing
 10125 | D:10     | Killed a brown ugly thing
 10185 | D:11     | Killed a centaur warrior
 10186 | D:11     | Reached XP level 12. HP: 112/112 MP: 11/11
 10415 | D:11     | Reached skill level 5 in Shields
 10690 | D:11     | Noticed a two-headed ogre
 10698 | D:11     | Killed a two-headed ogre
 10769 | D:11     | Found a staircase to the Lair.
 10908 | D:11     | Killed from afar by a fire dragon

Illustrated notes

Levels and vault maps discovered:
D:1:      scummos_arrival_checkerplants, layout_loops_ring,
          hellmonk_ecumenical_altar_slurped_away
D:2:      layout_basic, st_stairs_4
D:3:      layout_basic, st_stairs_12, grunt_ministairs_3
D:4:      layout_gridville
D:5:      layout_loops_corners, ebering_ghost_gozag, minmay_door_square,
          uniq_sigmund, uniq_grinder
D:6:      layout_basic, minmay_temple_entry_tees, kennysheep_small_circle
D:7:      gammafunk_the_bubble [the_bubble_gammafunk_plus_minus], layout_basic,
          tso_metal_star, serial_shops, nicolae_shop_trees
D:8:      layout_gridville, jmf_multi_god_temple, enter_bailey_2, uniq_psyche
D:9:      layout_rooms, gammafunk_ghost_arena, hangedman_glass_teeth
D:10:     layout_loops_ring, jmf_multi_god_temple2, hiddenorc2_lemuel,
          gammafunk_ghost_cemetery, hangedman_abyss_or_decor_clamps,
          due_unseen_surprise
D:11:     layout_loops_corners, lair_entry_dummy, minivault_28

Skill      XL: |  1  2  3  4  5  6  7  8  9 10 11 12 |
---------------+-------------------------------------+-----
Fighting       | 4 5 6 7 9 10 12 | 12.3
Axes           | 4 5 6 7 9 10 12 | 12.3
Armour         | 3 4 5 6 7 9 10 12 | 12.0
Dodging        | 3 4 5 6 8 9 11 | 11.0
Shields        | 2 6 |  6.0

Action                     |  1- 3 |  4- 6 |  7- 9 | 10-12 || total
---------------------------+-------+-------+-------+-------++-------
  Melee: Hand axe          |   101 |    76 |       |   372 ||   549
         Headbutt          |    10 |    20 |    42 |    98 ||   170
         Punch             |     1 |     1 |     3 |     2 ||     7
         War axe           |       |    22 |   240 |   142 ||   404
  Throw: Throwing net      |       |       |       |     1 ||     1
 Invoke: Berserk           |       |     1 |     2 |     8 ||    11
         Brothers in Arms  |       |       |       |     2 ||     2
    Use: Scroll            |       |       |     5 |     6 ||    11
         Potion            |       |       |     1 |     4 ||     5
   Stab: Sleeping          |       |     1 |       |       ||     1
 Armour: Animal skin       |    14 |    11 |       |       ||    25
         Chain mail        |       |    12 |   146 |   103 ||   261
         Scale mail        |       |       |       |   184 ||   184
  Dodge: Dodged            |    72 |    45 |   142 |   335 ||   594
  Block: Buckler           |       |       |       |    19 ||    19
         Reflection        |       |       |       |     2 ||     2

Table legend: (Time is in decaauts)
 A = Elapsed time spent in this place.
 B = Non-inter-level travel time spent in this place.
 C = Inter-level travel time spent in this place.
 D = Time resting spent in this place.
 E = Time spent auto-exploring this place.
 F = Levels seen in this place.
 G = Mean time per level.
                   A        B        C        D        E       F      G
               +--------+--------+--------+--------+--------+-----+--------+
         Total |  10988 |  10412 |    576 |    963 |   7405 |  12 |  915.7 |
       Dungeon |  10092 |   9516 |    576 |    746 |   7029 |  11 |  917.5 |
        Bailey |    895 |    895 |      0 |    216 |    376 |   1 |  895.0 |
               +--------+--------+--------+--------+--------+-----+--------+

Top non-repeatable levels by time:
     D:5: 1644 daAuts
    D:10: 1614 daAuts
     D:3: 1016 daAuts
     D:4: 952 daAuts
     D:1: 907 daAuts
  Bailey: 895 daAuts
     D:6: 805 daAuts
    D:11: 759 daAuts
     D:7: 748 daAuts
     D:8: 741 daAuts
     D:9: 492 daAuts
     D:2: 409 daAuts
